General information
			
			
        
        - name: BNet
 
        - type: Ladder team game (AT/RT)
 
        - host: Battle.net
 
        - saver: TIMG4STRok
 
        
map: GnollWood 
        - players: 4
 
        - length: 22:28
 
        - speed: Fast
 - version: 1.21 W3XP
 - replay type:  

 
» download(167 KB)
Players
        team 1 (loser) 
              
              
heLow (
blue | 206 APM | 4623 actions | 22:27)
              
 4 Demon Hunter 
 2 Mana Burn
 2 Evasion
 3 Beastmaster 
 2 Summon Quilbeast
 1 Summon Hawk
 
                » actions 
                
                | Assign group hotkey | 36 |  | 
| Basic commands | 4 |  | 
| Build / train | 73 |  | 
| Enter build submenu | 22 |  | 
| Enter hero's abilities submenu | 8 |  | 
| Give item / drop item | 10 |  | 
| Remove unit from queue | 1 |  | 
| Right click | 2109 |  | 
| Select / deselect | 750 |  | 
| Select group hotkey | 1503 |  | 
| Use ability | 107 |  | 
                4623 total
 » units 
                
                | Wisp | 22 |  | 
| Huntress | 3 |  | 
| Dryad | 8 |  | 
| Forest Troll Berserker | 1 |  | 
| Archer | 3 |  | 
| Druid of the Claw | 2 |  | 
                39 total
 » upgrades
                
                | Abolish Magic | 1 |  | 
| Druid of the Claw Training | 2 |  | 
                3 total
 » buildings
                
                | Altar of Elders | 1 |  | 
| Moon Well | 9 |  | 
| Ancient of War | 3 |  | 
| Hunter's Hall | 1 |  | 
| Tree of Ages | 3 |  | 
| Ancient of Lore | 5 |  | 
| Ancient of Wonders | 2 |  | 
| Tree of Life | 1 |  | 
| Tree of Eternity | 1 |  | 
                26 total
 » build order
                00:08 Altar of Elders
00:23 Moon Well
02:02 Ancient of War
02:06 Hunter's Hall
02:20 Moon Well
03:36 Tree of Ages
03:37 Tree of Ages
04:39 Moon Well
06:06 Ancient of Lore
06:09 Ancient of Lore
06:13 Ancient of Lore
06:17 Ancient of Wonders
06:38 Moon Well
07:56 Moon Well
13:07 Tree of Life
14:42 Moon Well
16:41 Ancient of Lore
18:18 Ancient of Lore
18:20 Moon Well
18:43 Ancient of War
18:45 Ancient of War
19:40 Tree of Eternity
19:45 Ancient of Wonders
20:57 Moon Well
20:57 Moon Well
» items
                
                | Boots of Speed | 1 |  | 
| Dust of Appearance | 1 |  | 
| Staff of Preservation | 2 |  | 
| Scroll of Town Portal | 2 |  | 
| Potion of Healing | 2 |  | 
| Scroll of Healing | 1 |  | 
| Potion of Lesser Invulnerability | 1 |  | 
| Scroll of Protection | 1 |  | 
| Tome of Retraining | 1 |  | 
                12 total
  
               
              
              
nX]Sira. (
teal | 133 APM | 2980 actions | 22:25)
              
 4 Blademaster 
 2 Wind Walk
 2 Critical Strike
 4 Shadow Hunter 
 2 Hex
 2 Healing Wave
 
                » actions 
                
                | Assign group hotkey | 258 |  | 
| Basic commands | 171 |  | 
| Build / train | 79 |  | 
| ESC pressed | 1 |  | 
| Enter build submenu | 13 |  | 
| Enter hero's abilities submenu | 8 |  | 
| Right click | 1042 |  | 
| Select / deselect | 433 |  | 
| Select group hotkey | 822 |  | 
| Use ability | 153 |  | 
                2980 total
 » units 
                
                | Peon | 9 |  | 
| Grunt | 4 |  | 
| Raider | 10 |  | 
| Spirit Walker | 11 |  | 
| Kodo Beast | 7 |  | 
                41 total
 » upgrades
                
                | Berserker Strength | 1 |  | 
| Ensnare | 1 |  | 
| Spirit Walker Training | 1 |  | 
| Armor | 2 |  | 
                5 total
 » buildings
                
                | Altar of Storms | 1 |  | 
| Orc Burrow | 7 |  | 
| Barracks | 1 |  | 
| Stronghold | 3 |  | 
| Beastiary | 1 |  | 
| Spirit Lodge | 1 |  | 
| Voodoo Lounge | 1 |  | 
| War Mill | 1 |  | 
                16 total
 » build order
                00:04 Altar of Storms
00:19 Orc Burrow
00:38 Barracks
01:26 Orc Burrow
02:45 Stronghold
02:45 Stronghold
03:52 Orc Burrow
05:09 Beastiary
05:10 Spirit Lodge
05:48 Voodoo Lounge
06:22 Orc Burrow
07:38 War Mill
08:05 Orc Burrow
13:51 Orc Burrow
21:40 Orc Burrow
» items
                
                | Dust of Appearance | 1 |  | 
| Boots of Speed | 1 |  | 
| Potion of Lesser Invulnerability | 2 |  | 
| Scroll of Healing | 1 |  | 
| Scroll of Speed | 3 |  | 
| Scroll of Town Portal | 3 |  | 
| Lesser Clarity Potion | 4 |  | 
| Healing Salve | 2 |  | 
                17 total
  
               team 2 (winner) 
              
              
» 
iggy_the_fisk (
green | 109 APM | 2451 actions | 22:28)
              
 3 Blademaster 
 2 Wind Walk
 1 Critical Strike
 4 Shadow Hunter 
 2 Hex
 2 Healing Wave
 
                » actions 
                
                | Assign group hotkey | 291 |  | 
| Basic commands | 33 |  | 
| Build / train | 72 |  | 
| Enter build submenu | 20 |  | 
| Enter hero's abilities submenu | 7 |  | 
| Remove unit from queue | 2 |  | 
| Right click | 1178 |  | 
| Select / deselect | 348 |  | 
| Select group hotkey | 388 |  | 
| Use ability | 112 |  | 
                2451 total
 » units 
                
                | Peon | 10 |  | 
| Grunt | 7 |  | 
| Spirit Walker | 7 |  | 
| Raider | 10 |  | 
| Demolisher | 3 |  | 
                37 total
 » upgrades
                
                | Berserker Strength | 1 |  | 
| Spirit Walker Training | 1 |  | 
| Ensnare | 2 |  | 
| Ranged Weapons | 1 |  | 
                5 total
 » buildings
                
                | Altar of Storms | 1 |  | 
| Orc Burrow | 6 |  | 
| Barracks | 1 |  | 
| Voodoo Lounge | 1 |  | 
| Stronghold | 1 |  | 
| Beastiary | 4 |  | 
| Spirit Lodge | 1 |  | 
| War Mill | 1 |  | 
| Watch Tower | 1 |  | 
                17 total
 » build order
                00:03 Altar of Storms
00:18 Orc Burrow
00:35 Barracks
01:27 Orc Burrow
01:53 Voodoo Lounge
03:35 Stronghold
04:36 Orc Burrow
06:05 Beastiary
06:11 Spirit Lodge
06:42 Orc Burrow
07:53 Beastiary
08:10 Orc Burrow
09:38 Beastiary
10:03 War Mill
10:50 Orc Burrow
11:24 Beastiary
13:48 Watch Tower
» items
                
                | Healing Salve | 4 |  | 
| Lesser Clarity Potion | 1 |  | 
| Dust of Appearance | 1 |  | 
| Scroll of Town Portal | 3 |  | 
| Potion of Healing | 2 |  | 
                11 total
  
               
              
              
» 
TIMG4STRok (
pink | 171 APM | 3844 actions | 22:28)
              
 5 Demon Hunter 
 3 Mana Burn
 2 Evasion
 5 Keeper of the Grove 
 3 Entangling Roots
 2 Thorns Aura
 
                » actions 
                
                | Assign group hotkey | 29 |  | 
| Basic commands | 146 |  | 
| Build / train | 67 |  | 
| ESC pressed | 3 |  | 
| Enter build submenu | 14 |  | 
| Enter hero's abilities submenu | 10 |  | 
| Give item / drop item | 2 |  | 
| Right click | 1632 |  | 
| Select / deselect | 364 |  | 
| Select group hotkey | 1464 |  | 
| Use ability | 113 |  | 
                3844 total
 » units 
                
                | Wisp | 16 |  | 
| Huntress | 5 |  | 
| Dryad | 9 |  | 
| Druid of the Claw | 5 |  | 
                35 total
 » upgrades
                
                | Ultravision | 1 |  | 
| Abolish Magic | 1 |  | 
| Strength of the Wild | 1 |  | 
| Reinforced Hides | 1 |  | 
| Druid of the Claw Training | 2 |  | 
| Well Spring | 1 |  | 
| Mark of the Claw | 1 |  | 
                8 total
 » buildings
                
                | Altar of Elders | 1 |  | 
| Moon Well | 7 |  | 
| Hunter's Hall | 1 |  | 
| Ancient of War | 1 |  | 
| Tree of Ages | 1 |  | 
| Ancient of Lore | 2 |  | 
| Ancient of Wonders | 1 |  | 
| Tree of Eternity | 1 |  | 
| Tree of Life | 1 |  | 
                16 total
 » build order
                00:02 Altar of Elders
00:18 Moon Well
01:29 Hunter's Hall
01:55 Ancient of War
02:06 Moon Well
03:30 Tree of Ages
05:56 Ancient of Lore
05:56 Ancient of Lore
06:04 Moon Well
06:54 Moon Well
08:20 Ancient of Wonders
11:02 Moon Well
11:03 Tree of Eternity
11:33 Moon Well
12:03 Moon Well
17:00 Tree of Life
» items
                
                | Dust of Appearance | 1 |  | 
| Staff of Preservation | 2 |  | 
| Potion of Healing | 3 |  | 
| Orb of Venom | 1 |  | 
| Scroll of Town Portal | 1 |  | 
                8 total
  
                Chat log
          
(22:19 / All) heLow: gg
(22:24 / All) nX]Sira.: g
(22:25 / All) TIMG4STRok: gg